 Dungeon Sprint DCSS version 0.27.1 (webtiles) character file.

Game seed: 12150331924210630289

18258 styxcanada the Ninja (level 12, 0/67 HPs)
             Began as a Spriggan Brigand on Aug 31, 2021.
             Was an Initiate of Gozag.
             Slain by a spriggan defender (26 damage)
             ... in the Dungeon (Sprint IV: "Fedhas' Mad Dash").
             The game lasted 00:22:35 (2733 turns).

styxcanada the Ninja (Spriggan Brigand)             Turns: 2733, Time: 00:22:36

Health: 0/67       AC:  9    Str:  5    XL:     12   Next: 26%
Magic:  30/30      EV: 32    Int: 15    God:    Gozag
Gold:   74         SH:  8    Dex: 24    Spells: 12/22 levels left

rFire    + . .     SeeInvis +   B - +5 dagger (venom)
rCold    + . .     Faith    .   n - +0 buckler
rNeg     . . .     Spirit   .   q - +2 robe {rC+ rF+}
rPois    .         Reflect  .   (helmet restricted)
rElec    .         Harm     .   y - +0 cloak {Will+}
rCorr    .         Rampage  .   (gloves unavailable)
Will     +++..     NoTele   +   (boots unavailable)
Stlth    ++++++++++             j - amulet of invisibility {+Inv}
HPRegen  0.21/turn              f - +4 ring of protection
MPRegen  0.22/turn              c - ring "Raef" {MP+9 Int+4 Dex+3}

@: lethally poisoned (0 -> -21), gold aura, very slightly contaminated,
invisible, very quick
A: very small, no large weapons, unfitting armour, see invisible, speed 3, dopey
1, screaming 1, weak 1
a: Renounce Religion, Evoke Invisibility, Potion Petition, Call Merchant, Bribe
Branch


You were in the Dungeon.
You worshipped Gozag.
Gozag was noncommittal.
You visited 1 branch You collected 4178 gold pieces.
You spent 4104 gold pieces at shops.

Inventory:

Hand Weapons
 a - a +2 dagger
 o - the +8 mithril axe "Arga" {speed, Will+}
   (You found it in the Dungeon)

   Attacks with this weapon are significantly faster.
   Will:      It increases your willpower.
 r - a +2 dagger of venom
 B - a +5 dagger of venom (weapon)
Missiles
 d - 29 poisoned darts (quivered)
 e - 2 curare-tipped darts
 l - 36 stones
 m - 21 sling bullets
Armour
 n - a +0 buckler (worn)
 q - a +2 robe of resistance (worn)
 y - a +0 cloak of willpower (worn)
Jewellery
 c - the ring "Raef" (right hand) {MP+9 Int+4 Dex+3}
   (You bought it in a shop in the Dungeon)

   [ring of magical power]

   Int:       It affects your intelligence (+4).
   Dex:       It affects your dexterity (+3).
   MP:        It affects your magic capacity (+9).
 f - a +4 ring of protection (left hand)
 j - the amulet of invisibility (around neck) {+Inv}
   (You found it in the Dungeon)

   [amulet of nothing]

   +Inv:      It lets you turn invisible.
 t - an amulet of magic regeneration
 z - a +6 ring of dexterity
Scrolls
 k - 2 scrolls of blinking
 s - a scroll of amnesia
 E - a scroll of immolation {unknown}
Potions
 g - a potion of heal wounds
 h - a potion of haste
 i - 2 potions of magic
 p - 3 potions of might
 v - a potion of resistance
 w - a potion of degeneration
 x - a potion of berserk rage
 A - 2 potions of mutation
 D - 2 potions of brilliance
Miscellaneous
 b - a lightning rod (3/4)
 u - a condenser vane (inert)


   Skills:
 * Level 9.5 Fighting
 + Level 7.8 Short Blades
 + Level 4.0 Throwing
 * Level 14.2 Dodging
 O Level 27 Stealth
 * Level 4.7 Shields
 * Level 5.7 Spellcasting
 * Level 3.5 Conjurations
 * Level 5.5 Hexes
 * Level 3.0 Ice Magic
 * Level 4.1 Air Magic
 * Level 4.4 Poison Magic
 * Level 15.7 Evocations


You had 12 spell levels left.
You knew the following spells:

 Your Spells              Type           Power      Damage    Failure   Level
a - Poisonous Vapours     Pois/Air       34%        N/A       4%          2
b - Dazzling Flash        Conj/Hex       34%        N/A       9%          3
c - Freezing Cloud        Conj/Ice/Air   7%         6-21      75%         5

Your spell library contained the following spells:

 Spells                   Type           Power      Damage    Failure   Level
 Corpse Rot               Necr/Air       N/A        N/A       12%         2
 Gell's Gravitas          Tloc           2%         N/A       47%         3
 Teleport Other           Tloc           4%         N/A       47%         3
 Iskenderun's Mystic Bla  Conj/Tloc      9%         2d4       65%         4
 Dispersal                Tloc           2%         N/A       100%        6
 Starburst                Conj/Fire      4%         6d4       100%        6


Dungeon Overview and Level Annotations

Branches:
Dungeon (1/1)

Altars:
Cheibriados
Dithmenos
Elyvilon
Gozag
Hepliaklqana
Kikubaaqudgha
Makhleb
Nemelex Xobeh
Okawaru
Qazlal
Ru
Sif Muna
Trog
Uskayaw
Vehumet
Wu Jian
Xom
Yredelemnul
Zin
The Shining One
Beogh
Jiyva
Lugonu

Shops:
D :==(((!*:=[:[?!?(:*


Innate Abilities, Weirdness & Mutations

You are very small and have problems with some larger weapons.
You are too small for most types of armour.
You have supernaturally acute eyesight. (SInv)
You cover ground extremely quickly. (Speed+++)
You are dopey. (Int -2)
You occasionally shout uncontrollably at your foes.
You are weak. (Str -2)


Message History

Clouds of freezing vapour condense around you!
The condenser dries out!
The spriggan defender is engulfed in freezing vapours.
The spriggan druid is engulfed in freezing vapours.
The spriggan defender is engulfed in freezing vapours.
The spriggan defender hits you with a +1 demon whip of venom!!
Ouch! That really hurt!
You are lethally poisoned!
The spriggan defender is engulfed in freezing vapours.
The spriggan druid is engulfed in freezing vapours.
You feel very sick.
The spriggan defender is engulfed in freezing vapours. x2
The spriggan druid is engulfed in freezing vapours.
Aiming: Thunderbolt
Press: ? - help, Shift-Dir - straight line, f/p - spriggan defender
Aim: a spriggan defender, wielding a +1 demon whip of venom, wearing a +0 robe and wearing a +0 buckler (moderately wounded)
The thunderbolt hits the spriggan druid.
The spriggan druid is severely wounded.
The thunderbolt hits the spriggan defender!
The spriggan defender is severely wounded.
The thunderbolt hits the spriggan defender.
The spriggan defender is moderately wounded.
* * * LOW HITPOINT WARNING * * *
You feel extremely sick.
You block the spriggan defender's attack.
The spriggan defender is engulfed in freezing vapours.
The spriggan druid is engulfed in freezing vapours.
You kill the spriggan druid!
The spriggan defender closely misses you.
The spriggan defender is engulfed in freezing vapours.
The spriggan defender hits you with a +0 flail of protection.
* * * LOW HITPOINT WARNING * * *
Your lightning rod (3/4) has regained two charges.
Your Throwing skill increases to level 4!
Your Ice Magic skill increases to level 3!
Your Air Magic skill increases to level 4!
You feel much better.
You feel very sick.
The spriggan defender hits you with a +1 demon whip of venom!!
You die...
Your body crumbles into a pile of gold.

,**,,,,,,+,*
,+,,,,,,,***
#############
............#########
............'.......#
............#######.#
#############*#####.#
,,*,,*,,♣§§♣§§♣i.♣..#
,,,,,,,,.§§§§§§i@...#
,,*,,*,,♣§§♣§§♣§.♣..#
***********##*#######
,,,,******,,,,,,****
,,,,,,,,,,,,,,,,,,,**
,,,,,,,,,,*******,,,*
,,,,,,,,,,,,,,,,,,,**
,,,,******,,,,,,****
***** ********


You could see 2 spriggan defenders.

Vanquished Creatures
  Agnes (D)
  A ghost moth (D)
  A spriggan defender (D)
  A spriggan berserker (D)
  2 spriggan druids (D)
  20 oklob plants (D)
  2 demonic crawlers (D)
  3 burning bushes (D)
  3 wandering mushrooms (D)
  6 hornets (D)
  A queen bee (D)
  3 scorpions (D)
  4 killer bees (D)
  5 oklob saplings (D)
  8 spriggans (D)
  A river rat (D)
  A rat (D)
  A ballistomycete spore (D)
64 creatures vanquished.

Vanquished Creatures (others)
  A ballistomycete spore (D)
  A fungus (D)
2 creatures vanquished.

Grand Total: 66 creatures vanquished

Notes
Turn   | Place    | Note
-------+----------+-------------------------------------------
     0 | D        | styxcanada the Spriggan Brigand began the quest for the
                  | Orb.
     0 | D        | Reached XP level 1. HP: 10/10 MP: 2/2
     9 | D        | Reached skill level 7 in Stealth
     9 | D        | Reached XP level 2. HP: 15/15 MP: 3/3
    17 | D        | Noticed an oklob sapling
    23 | D        | Killed an oklob sapling
    24 | D        | Reached skill level 9 in Stealth
    24 | D        | Reached XP level 3. HP: 18/18 MP: 4/4
    72 | D        | Noticed a scorpion
    72 | D        | Found the amulet of invisibility {+Inv}
    74 | D        | Killed a scorpion
    75 | D        | Reached skill level 12 in Stealth
    75 | D        | Reached XP level 4. HP: 23/23 MP: 5/5
    99 | D        | Found an opulent altar of Gozag.
    99 | D        | Found a hazy altar of Hepliaklqana.
    99 | D        | Found a burning altar of Makhleb.
    99 | D        | Found a sparkling altar of Nemelex Xobeh.
    99 | D        | Found a snail-covered altar of Cheibriados.
    99 | D        | Found a sacrificial altar of Ru.
    99 | D        | Found a shimmering blue altar of Sif Muna.
    99 | D        | Found a shimmering altar of Xom.
    99 | D        | Found a basalt altar of Yredelemnul.
   100 | D        | Found a viscous altar of Jiyva.
   100 | D        | Found a bloodstained altar of Trog.
   100 | D        | Found an ornate altar of the Wu Jian Council.
   101 | D        | Found an iron altar of Okawaru.
   101 | D        | Found a shadowy altar of Dithmenos.
   101 | D        | Found a glowing silver altar of Zin.
   102 | D        | Found an ancient bone altar of Kikubaaqudgha.
   102 | D        | Found a hide-covered altar of Uskayaw.
   103 | D        | Found a stormy altar of Qazlal.
   103 | D        | Found a white marble altar of Elyvilon.
   103 | D        | Found a glowing golden altar of the Shining One.
   104 | D        | Became a worshipper of Gozag Ym Sagoz the Greedy
   105 | D        | Found a corrupted altar of Lugonu.
   105 | D        | Found a radiant altar of Vehumet.
   109 | D        | Reached skill level 13 in Stealth
   109 | D        | Reached XP level 5. HP: 28/28 MP: 3/6
   121 | D        | Reached skill level 5 in Dodging
   121 | D        | Reached skill level 14 in Stealth
   121 | D        | Reached skill level 1 in Evocations
   174 | D        | Reached skill level 15 in Stealth
   176 | D        | Reached XP level 6. HP: 33/33 MP: 4/7
   203 | D        | Found Nyla's Armour Shop.
   203 | D        | Found Zaseug's Book Emporium.
   227 | D        | Noticed a burning bush
   227 | D        | Noticed a wandering mushroom
   228 | D        | Noticed a wandering mushroom
   231 | D        | Killed a burning bush
   232 | D        | Reached skill level 17 in Stealth
   232 | D        | Killed a wandering mushroom
   233 | D        | Reached skill level 19 in Stealth
   233 | D        | Reached XP level 7. HP: 38/38 MP: 5/8
   233 | D        | Killed a wandering mushroom
   234 | D        | Reached skill level 5 in Fighting
   234 | D        | Reached skill level 5 in Short Blades
   237 | D        | Reached skill level 20 in Stealth
   250 | D        | Found Oroetuto's Weapon Emporium.
   250 | D        | Found Wotiukhu's Magic Scroll Shoppe.
   250 | D        | Found the +8 mithril axe "Arga" {speed, Will+}
   256 | D        | Bought a scroll of identify for 26 gold pieces
   256 | D        | Bought a scroll of identify for 26 gold pieces
   268 | D        | Bought a +2 robe of resistance for 490 gold pieces
   308 | D        | Reached XP level 8. HP: 43/43 MP: 6/9
   314 | D        | Noticed a queen bee
   321 | D        | Killed a queen bee
   326 | D        | Reached skill level 21 in Stealth
   327 | D        | Reached skill level 5 in Evocations
   389 | D        | Noticed an oklob plant
   392 | D        | Killed an oklob plant
   393 | D        | Reached skill level 22 in Stealth
   407 | D        | Noticed a burning bush
   410 | D        | Killed a burning bush
   411 | D        | Reached XP level 9. HP: 48/48 MP: 8/10
   536 | D        | Noticed a burning bush
   536 | D        | Noticed an oklob plant
   537 | D        | Noticed a wandering mushroom
   542 | D        | Killed a burning bush
   553 | D        | Reached skill level 23 in Stealth
   556 | D        | Killed an oklob plant
   630 | D        | Noticed a spriggan druid
   632 | D        | Killed a spriggan druid
   633 | D        | Reached skill level 10 in Dodging
   633 | D        | Reached skill level 24 in Stealth
   699 | D        | Noticed an oklob plant conjurer
   701 | D        | Killed an oklob plant conjurer
   711 | D        | Identified the +2 pair of boots "Cidof" {Fly rCorr Str+4
                  | Int-3}
   798 | D        | Noticed an oklob plant
   798 | D        | Noticed an oklob plant summoner
   799 | D        | Noticed an oklob plant shifter
   803 | D        | Killed an oklob plant
   804 | D        | Reached XP level 10. HP: 55/55 MP: 8/11
   805 | D        | Killed an oklob plant summoner
   806 | D        | Reached skill level 25 in Stealth
   808 | D        | Killed an oklob plant shifter
   954 | D        | Gained mutation: You are dopey. (Int -2) [potion of
                  | mutation]
   954 | D        | Gained mutation: You occasionally shout uncontrollably at
                  | your foes. [potion of mutation]
   954 | D        | Gained mutation: You are weak. (Str -2) [potion of
                  | mutation]
   957 | D        | Noticed a spriggan rider
   958 | D        | Found Soledwy's Book Emporium.
   966 | D        | Killed a spriggan rider
   967 | D        | Reached skill level 26 in Stealth
   967 | D        | Reached skill level 10 in Evocations
   982 | D        | Found Ibeablan's General Store.
   986 | D        | Bought a book of Vapours for 312 gold pieces
   988 | D        | Bought a potion of might for 52 gold pieces
   988 | D        | Bought a potion of might for 52 gold pieces
   988 | D        | Bought a scroll of blinking for 97 gold pieces
  1236 | D        | Noticed Agnes
  1238 | D        | Found Vileysm's Magic Scroll Emporium.
  1238 | D        | Noticed a spriggan berserker
  1240 | D        | Found Zemeb's Distillery.
  1242 | D        | Killed Agnes
  1246 | D        | Killed a spriggan berserker
  1247 | D        | Reached XP level 11. HP: 60/60 MP: 10/12
  1253 | D        | Noticed a spriggan defender
  1260 | D        | Killed a spriggan defender
  1261 | D        | Reached skill level 27 in Stealth
  1268 | D        | Learned a level 2 spell: Poisonous Vapours
  1272 | D        | Learned a level 3 spell: Dazzling Flash
  1278 | D        | Bought a potion of might for 56 gold pieces
  1278 | D        | Bought a potion of resistance for 140 gold pieces
  1278 | D        | Bought a potion of degeneration for 14 gold pieces
  1278 | D        | Bought a potion of berserk rage for 70 gold pieces
  1280 | D        | Bought a scroll of identify for 22 gold pieces
  1280 | D        | Bought a scroll of identify for 22 gold pieces
  1281 | D        | Bought a scroll of enchant weapon for 82 gold pieces
  1281 | D        | Bought a scroll of enchant weapon for 82 gold pieces
  1344 | D        | Noticed a spriggan rider
  1352 | D        | Killed a spriggan rider
  1353 | D        | Reached skill level 1 in Spellcasting
  1353 | D        | Reached skill level 1 in Hexes
  1353 | D        | Reached skill level 1 in Air Magic
  1353 | D        | Reached skill level 1 in Poison Magic
  1365 | D        | Noticed a ghost moth
  1366 | D        | Found Sumuilio's Jewellery Emporium.
  1366 | D        | Found Ucwobria's Jewellery Boutique.
  1366 | D        | Found Wukeb's Book Shoppe.
  1640 | D        | Killed a ghost moth
  1641 | D        | Reached skill level 1 in Conjurations
  1992 | D        | Bought a +4 ring of protection for 468 gold pieces
  1999 | D        | Learned a level 5 spell: Freezing Cloud
  2003 | D        | Bought a +6 ring of dexterity for 760 gold pieces
  2216 | D        | Noticed an oklob plant shifter
  2216 | D        | Noticed an oklob plant meteorologist
  2220 | D        | Killed an oklob plant meteorologist
  2228 | D        | Killed an oklob plant shifter
  2296 | D        | Noticed a spriggan rider
  2303 | D        | Reached skill level 1 in Ice Magic
  2303 | D        | Killed a spriggan rider
  2380 | D        | Found Soyxzill's Weapon Shoppe.
  2380 | D        | Found Cearrum's Antique Weapon Boutique.
  2380 | D        | Found Kodaxzic's Weapon Shop.
  2380 | D        | Found Ydisualy's Assorted Antiques.
  2380 | D        | Found Hojenik's Distillery.
  2381 | D        | Found Suantiog's Jewellery Emporium.
  2381 | D        | Found Bufa's Antique Armour Shop.
  2381 | D        | Found Gexteen's Book Boutique.
  2397 | D        | Bought a potion of heal wounds for 55 gold pieces
  2397 | D        | Bought a potion of mutation for 88 gold pieces
  2397 | D        | Bought a potion of mutation for 88 gold pieces
  2398 | D        | Bought a +5 dagger of venom for 411 gold pieces
  2402 | D        | Bought a scroll labelled WENEVI AZITTIU for 22 gold pieces
  2402 | D        | Bought 2 viscous emerald potions for 39 gold pieces
  2402 | D        | Bought a scroll labelled HEBBOOM AFOJE for 22 gold pieces
  2409 | D        | Noticed an oklob plant
  2409 | D        | Noticed an oklob plant
  2409 | D        | Noticed an oklob plant
  2409 | D        | Noticed an oklob plant
  2409 | D        | Noticed an oklob plant
  2409 | D        | Noticed an oklob plant
  2443 | D        | Noticed an oklob plant
  2447 | D        | Noticed an oklob plant
  2450 | D        | Killed an oklob plant
  2457 | D        | Killed an oklob plant
  2458 | D        | Noticed an oklob plant
  2459 | D        | Killed an oklob plant
  2460 | D        | Noticed an oklob plant
  2461 | D        | Killed an oklob plant
  2462 | D        | Noticed an oklob plant
  2465 | D        | Noticed an oklob plant
  2466 | D        | Killed an oklob plant
  2468 | D        | Killed an oklob plant
  2469 | D        | Reached skill level 15 in Evocations
  2469 | D        | Reached XP level 12. HP: 66/66 MP: 18/20
  2472 | D        | Reached skill level 5 in Spellcasting
  2474 | D        | Reached skill level 5 in Hexes
  2540 | D        | Bought a glowing cloak for 150 gold pieces
  2553 | D        | Bought the ring "Raef" {MP+9 Int+4 Dex+3} for 458 gold
                  | pieces
  2725 | D        | Noticed a spriggan defender
  2725 | D        | Noticed a spriggan defender
  2733 | D        | Slain by a spriggan defender

Illustrated notes

Levels and vault maps discovered:
D:        dungeon_sprint_fedhas [sprint_temple]

Skill      XL: |  1  2  3  4  5  6  7  8  9 10 11 12 |
---------------+-------------------------------------+-----
Dodging        | 2 3 4 5 7 9 10 11 13 14 | 14.2
Stealth        | 7 9 12 13 15 19 20 22 24 26 27 | 27.0
Fighting       | 2 3 4 5 6 7 8 9 |  9.5
Short Blades   | 3 4 5 6 7 |  7.8
Evocations     | 2 3 4 6 8 11 15 | 15.7
Throwing       | 3 4 |  4.0
Shields        | 2 4 |  4.7
Spellcasting   | 4 5 |  5.7
Hexes          | 4 5 |  5.5
Air Magic      | 3 4 |  4.1
Poison Magic   | 3 4 |  4.4
Conjurations   | 2 3 |  3.5
Ice Magic      | 2 3 |  3.0

Action                   |  1- 3 |  4- 6 |  7- 9 | 10-12 || total
-------------------------+-------+-------+-------+-------++-------
Melee: Dagger            |     7 |     7 |    28 |    87 ||   129
Throw: Dart              |       |       |       |     4 ||     4
 Abil: Evoke Invisibilit |       |     3 |     6 |    10 ||    19
Evoke: Lightning rod     |       |       |     3 |    11 ||    14
       Condenser vane    |       |       |       |     2 ||     2
  Use: Potion            |     1 |       |       |     4 ||     5
       Scroll            |       |       |     1 |     6 ||     7
 Stab: Sleeping          |     3 |     7 |    12 |    13 ||    35
       Invisible         |       |       |     6 |    13 ||    19
       Distracted        |       |       |       |     1 ||     1
Armor: Robe              |       |       |     1 |     6 ||     7
Dodge: Dodged            |       |       |     5 |   103 ||   108
Block: Buckler           |       |       |     1 |    28 ||    29
